 Dungeon Crawl Stone Soup version 0.17-a0-1567-gdd419b1 (webtiles) character file.

93 Chiseanne the Magician (level 4, -2/31 HPs)
             Began as a Demonspawn Wanderer on July 22, 2015.
             Was an Initiate of Gozag.
             Slain by a gnoll
             ... wielding a +0 spear
              (9 damage)
             ... on level 3 of the Dungeon.
             The game lasted 00:10:22 (2677 turns).

Chiseanne the Magician (Demonspawn Wanderer)        Turns: 2677, Time: 00:10:23

Health: -2/31      AC:  3    Str: 13    XL:     4   Next: 37%
Magic:  4/11       EV: 11    Int: 14    God:    Gozag
Gold:   90         SH:  0    Dex: 12    Spells: 3 memorised, 9 levels left

rFire  . . .     SeeInvis .     a - +1 club
rCold  . . .     Clarity  .     d - +1 robe
rNeg   . . .     SustAt   .     (no shield)
rPois  .         Gourm    .     (no helmet)
rElec  .         Spirit   .     (no cloak)
rCorr  .         Warding  .     (no gloves)
rMut   .         Rnd*Tele +     (no boots)
MR     .....                    (no amulet)
Stlth  ++........               (no ring)
                                j - ring of teleportation (curse)

@: appendage, very slightly contaminated, not resistant to hostile enchantments,
unstealthy
A: horns 2, talons 1, powered by death 1
a: End Transformation, Potion Petition, Call Merchant, Bribe Branch, Renounce
Religion, Evoke Teleportation


You were on level 3 of the Dungeon.
You worshipped Gozag.
Gozag was noncommittal.
You were not hungry.
You had grown temporary horns.
You visited 1 branch of the dungeon, and saw 3 of its levels.

You collected 138 gold pieces.
You paid 48 gold pieces to Gozag.

Inventory:

Hand weapons
 a - a +1 club (weapon)
 k - a +3 dagger
 l - a +1 whip of venom
 w - a +0 blowgun
Missiles
 g - 9 sling bullets of flame
 i - 43 arrows
 o - 22 bolts
 q - 2 steel tomahawks (quivered)
 s - 21 poisoned needles
Armour
 d - a +1 robe (worn)
Jewellery
 j - a cursed ring of teleportation (left hand)
Scrolls
 p - a scroll of enchant armour
 r - 2 scrolls of magic mapping
Potions
 h - 2 potions of curing {unknown}
 n - a potion of magic {unknown}
Books
 b - Cigotuvi's Papyrus of Moulding

   Spells                             Type                      Level
   a - Beastly Appendage              Transmutation                1
   b - Stoneskin                      Transmutation/Earth          2
 c - Sif Muna's Almanac of Snow

   Spells                             Type                      Level
   a - Freeze                         Ice                          1
   b - Ensorcelled Hibernation        Hexes/Ice                    2
 e - a book of Frost

   Spells                             Type                      Level
   a - Freeze                         Ice                          1
   b - Throw Frost                    Conjuration/Ice              2
   c - Ozocubu's Armour               Charms/Ice                   3
   d - Throw Icicle                   Conjuration/Ice              4
   e - Summon Ice Beast               Ice/Summoning                4
   f - Condensation Shield            Ice                          4
Comestibles
 f - 4 bread rations
 m - a chunk of flesh


   Skills:
 - Level 0.8 Fighting
 - Level 0.5 Dodging
 - Level 1.0 Stealth
 - Level 5.1 Spellcasting
 * Level 1.9 Hexes
 - Level 2.0 Transmutations
 * Level 1.5 Ice Magic
   Level 1.7 Earth Magic
 - Level 1.0 Evocations


You had 9 spell levels left.
You knew the following spells:

 Your Spells              Type           Power        Failure   Level  Hunger
a - Freeze                Ice            #...         12%         1    None
b - Beastly Appendage     Trmt           #.....       10%         1    None
c - Ensorcelled Hibernat  Hex/Ice        #.....       17%         2    ##.....


Dungeon Overview and Level Annotations

Branches:
Dungeon (3/15)

Altars:
Ashenzari
Gozag
Xom

Portals:
Sewer: D:3


Innate Abilities, Weirdness & Mutations

You have sharp toenails.
You regenerate a little health from kills.
You have a pair of horns on your head.


Message History

You feel less regenerative.
Your surroundings suddenly seem different.
A kobold comes into view.
The kobold shouts!
A gnoll comes into view. It is wielding a spear.
The gnoll shouts!
A gnoll comes into view. It is wielding a flail.
The gnoll shouts!
A gnoll comes into view. It is wielding a spear.
The gnoll shouts!
The kobold hits you.
* * * LOW HITPOINT WARNING * * *
Found a leather armour and a silvery potion.
Use which ability? (? or * to list)
You fail to use your ability.
The kobold hits you.
* * * LOW HITPOINT WARNING * * *
The gnoll misses you. The gnoll hits you with a spear!
You die...
Your body crumbles into a pile of gold.

#.#..............#....#..#**,*
#.#.#............##.###...#*,*
#.#.#...............#**≈s≈#*,*
#..<..##########.....#*≈ll#*,*
#####...#** #####....#*s≈≈#*,*
*,,,###...###...###...#≈≈≈#*,*
,,,,,**,..##.....##.###l∩≈#*,**
,,,,,,*,,,#..gg...#..,*≈≈≈**,,*
,,,,,,+,,,+!..K[@.#.##*≈≈≈***,**
,,,,,,*,,,#....g..#..,*≈≈≈*,,,,*
,,,,,**,,,##.....##****≈≈≈******
*,,,***,,,*##...## **,,,*,,*
***** *,,,* ##### *,,,***,*
*,,,***,,,***,,,** *,,** *,*
,,,,,**,,,**,,,,,*****,*****,*
,,,,,,*,,,*,,,,,,,**,,,,,,,,,*
,,,,,,+,,,+,,,,,,,**,*,*******


You could see 3 gnolls and a kobold.

Vanquished Creatures
  3 adders (D:2)
  An ooze (D:1)
  A worm (D:2)
  3 giant geckos
  A ball python (D:2)
  2 giant cockroaches
  4 goblins
  2 hobgoblins
  8 jackals (D:1)
  5 quokkas
  6 bats
  4 giant newts (D:1)
  7 kobolds
  6 rats
53 creatures vanquished.

Notes
Turn   | Place    | Note
--------------------------------------------------------------
     0 | D:1      | Chiseanne the Demonspawn Wanderer began the quest for the Orb.
     0 | D:1      | Chiseanne set off with: a book of Frost, Cigotuvi's Papyrus of Moulding, Sif Muna's Almanac of Snow, a +0 robe, a +0 club, a bread ration
     0 | D:1      | Reached XP level 1. HP: 13/13 MP: 6/6
     0 | D:1      | Identified Cigotuvi's Papyrus of Moulding
     0 | D:1      | Identified Sif Muna's Almanac of Snow
     2 | D:1      | Learned a level 1 spell: Beastly Appendage
     4 | D:1      | Learned a level 1 spell: Freeze
   440 | D:2      | Found a shimmering altar of Xom.
   584 | D:2      | Gained mutation: You regenerate a little health from kills. [demonic ancestry]
   584 | D:2      | Reached XP level 2. HP: 12/20 MP: 2/8
   755 | D:2      | Found a shattered altar of Ashenzari.
   916 | D:1      | Learned a level 2 spell: Ensorcelled Hibernation
  1038 | D:1      | Reached skill level 1 in Transmutations
  1153 | D:1      | Gained mutation: You have sharp toenails. [demonic ancestry]
  1153 | D:1      | Reached XP level 3. HP: 18/25 MP: 9/9
  1352 | D:2      | Reached skill level 1 in Hexes
  1647 | D:2      | Reached XP level 4. HP: 6/31 MP: 2/11
  2551 | D:3      | Found a glowing drain.
  2576 | D:3      | Found an opulent altar of Gozag.
  2591 | D:3      | Became a worshipper of Gozag Ym Sagoz the Greedy
  2677 | D:3      | Slain by a gnoll

Vault maps used:
D:1:      eino_arrival_water_star
D:2:      lemuel_round_altar, first_bread, grunt_decor_fettered,
          ashenzari_altar_1
D:3:      kennysheep_six_static_rooms, lemuel_crystal_altar, lemuel_round_altar,
          portal_sewer_entry_f, cheibriados_altar_wand_db

Action                   |  1- 3 |  4- 6 || total
-------------------------+-------+-------++-------
Melee: Club              |    87 |    27 ||   114
 Cast: Freeze            |    47 |    23 ||    70
       Beastly Appendage |    18 |     9 ||    27
 Abil: Evoke Teleportati |       |     1 ||     1
  Use: Scroll            |     6 |     1 ||     7
 Stab: Sleeping          |     2 |       ||     2
  Eat: Chunk             |     2 |     2 ||     4
       Beef jerky        |       |     1 ||     1
